 Dungeon Crawl Stone Soup version 0.16-a0-4044-gd6c5e7b (webtiles) character file.

2165 timbw the Summoner (level 9, -13/34 HPs)
             Began as a Felid Summoner on Feb 19, 2015.
             Was an Elder of Sif Muna.
             Killed from afar by a frost giant (47 damage)
             ... with a bolt of cold
             ... in an ice cave.
             The game lasted 01:00:34 (8096 turns).

timbw the Summoner (Felid Summoner)                 Turns: 8096, Time: 01:00:34

Health: -13/34     AC:  2    Str:  7    XL:     9   Next: 10%
Magic:  25/25      EV: 25    Int: 21    God:    Sif Muna [****..]
Gold:   587        SH:  0    Dex: 16    Spells: 6 memorised, 3 levels left
                                        Lives:  0   Deaths: 3

rFire  . . .     SeeInvis +     (weapon unavailable)
rCold  . . .     Clarity  .     (armour unavailable)
rNeg   . . .     SustAb   .     (shield unavailable)
rPois  .         Gourm    .     (helmet unavailable)
rElec  .         Spirit   .     (cloak unavailable)
rCorr  .         Warding  .     (gloves unavailable)
rMut   .         Stasis   .     (boots unavailable)
MR     +....                    (no amulet)
Stlth  +++.......               (no ring)
                                a - +3 ring of strength

@: quick, somewhat resistant to hostile enchantments, fairly stealthy
A: paw claws, no armour, no weapons or thrown items, fangs 3, see invisible,
carnivore 3, speed 1, shaggy fur 2, slow metabolism 1, sharp paws
a: Channel Energy, Forget Spell, Renounce Religion


You were in an ice cave.
You worshipped Sif Muna.
Sif Muna was greatly pleased with you.
You were not hungry.

You visited 3 branches of the dungeon, and saw 15 of its levels.
You also visited: Ice Cave.

You collected 587 gold pieces.

Inventory:

Jewellery
 a - a +3 ring of strength (left paw)
Magical devices
 h - a wand of polymorph (11)
 m - a wand of digging (3)
 p - a wand of cold (11)
 r - a wand of fireball (0)
 w - a wand of digging (12)
Scrolls
 o - a scroll of amnesia
 t - a scroll of teleportation
 u - a scroll of enchant weapon
 x - a scroll of magic mapping
Potions
 d - a potion of curing
 e - 2 potions of poison
 f - 2 potions of berserk rage
 j - a potion of might
 l - a potion of cancellation {unknown}
 q - a potion of resistance {unknown}
 s - a potion of agility {unknown}
Books
 b - a book of Callings

   Spells                             Type                      Level
   a - Summon Small Mammal            Summoning                    1
   b - Call Imp                       Summoning                    2
   c - Call Canine Familiar           Summoning                    3
   d - Summon Guardian Golem          Hexes/Summoning              4
   e - Summon Lightning Spire         Summoning/Air                4
   f - Summon Ice Beast               Ice/Summoning                4
 g - a book of Burglary

   Spells                             Type                      Level
   a - Swiftness                      Charms/Air                   2
   b - Passwall                       Transmutation/Earth          3
   c - Passage of Golubria            Translocation                4
   d - Lee's Rapid Deconstruction     Earth                        5
   e - Invisibility                   Hexes                        6
   f - Darkness                       Hexes                        7
 i - a book of Geomancy

   Spells                             Type                      Level
   a - Sandblast                      Earth                        1
   b - Stoneskin                      Transmutation/Earth          2
   c - Passwall                       Transmutation/Earth          3
   d - Stone Arrow                    Conjuration/Earth            3
   e - Petrify                        Transmutation/Earth          4
   f - Lee's Rapid Deconstruction     Earth                        5
 k - a book of Fire

   Spells                             Type                      Level
   a - Ignite Poison                  Fire/Transmutation           5
   b - Fireball                       Conjuration/Fire             5
   c - Bolt of Fire                   Conjuration/Fire             6
   d - Delayed Fireball               Conjuration/Fire             7
   e - Ring of Flames                 Charms/Fire                  7
 y - a book of Control

   Spells                             Type                      Level
   a - Control Teleport               Charms/Translocation         4
   b - Control Undead                 Necromancy                   4
   c - Enslavement                    Hexes                        4
   d - Metabolic Englaciation         Hexes/Ice                    5
   e - Mass Confusion                 Hexes                        6
Comestibles
 c - 3 meat rations
 n - 9 royal jellies


   Skills:
 + Level 10.1 Dodging
 - Level 2.6 Stealth
 - Level 6.5 Spellcasting
 * Level 12.5 Summonings
 + Level 7.3 Invocations


You had 3 spell levels left.
You knew the following spells:

 Your Spells              Type           Power        Failure   Level  Hunger
a - Summon Small Mammal   Summ           ####         1%          1    None
b - Call Imp              Summ           ######..     1%          2    None
c - Call Canine Familiar  Summ           ######..     1%          3    #......
d - Summon Ice Beast      Ice/Summ       ####....     10%         4    ###....
e - Summon Lightning Spi  Summ/Air       ####....     10%         4    ###....
f - Summon Guardian Gole  Hex/Summ       ####....     10%         4    ###....


Dungeon Overview and Level Annotations

Branches:
Dungeon (10/15)            Temple (1/1) D:6            Lair (4/8) D:9
  Swamp: Lair:3-6    Shoals: Lair:3-6     Snake: Lair:3-6    Spider: Lair:3-6
    Orc: D:9-12

Altars:
Ashenzari
Elyvilon
Fedhas
Gozag
Kikubaaqudgha
Okawaru
Qazlal
Sif Muna
Trog
Vehumet
Yredelemnul
The Shining One

Shops:
D:4 *

Annotations:
D:3 Gronka's ghost, average HuFi
D:8 Maurice
D:9 exclusions: orange crystal statue and statue, Gastronok IceCv exclusion: ice statue


Innate Abilities, Weirdness & Mutations

You cannot wear armour.
You are incapable of wielding weapons or throwing items.
You have razor-sharp teeth.
You have supernaturally acute eyesight.
You are carnivorous and can eat meat at any time.
You cover ground quickly.
You are covered in thick fur (AC +2).
You have a slow metabolism.
Your paws have sharp claws that are effective at stabbing.


Message History

The rock shatters into small pieces.
This wand has 4 charges left.
Your wolf bites the frost giant.
The frost giant misses your wolf.
Your wolf bites the frost giant.
Your wolf bites the frost giant.
Evoke which item? (* to show all) (? for menu, Esc to quit)
Zapping:
m - a wand of digging (4)
Press: ? - help, Shift-Dir - straight line, f - you The rock shatters into small pieces.
This wand has 3 charges left.
Your wolf completely misses the frost giant.
The frost giant hits your wolf with a battleaxe of freezing!!
The frost giant freezes your wolf.
Your wolf dies!
Your wolf's corpse disappears in a puff of smoke!
The frost giant points at you and mumbles some strange words.
The bolt of cold misses you.
There is an ice covered gate leading back out of this place here.
The frost giant gestures at you while chanting.
The bolt of cold hits you!
Ouch! That really hurt!
You die...

##...###≈≈≈≈##...#.#.###**
*##....##*≈≈#.⌠...###..#
**##....#####.#÷###.†### ≈*
###.....##*##..##...## ≈***
##.....####..###...#* ≈≈≈**
###....#...##*.....# ≈≈≈≈**
###....#.####...### *≈≈≈≈**
#..#####..##..###.#
≈≈≈≈≈≈**##.####.@..##.$...#
≈≈≈≈≈≈≈≈*####........#§(..#
≈≈≈≈*≈*** ####.###.#.####
******* #.# ##C## #.# #.##
#.##.# ###.# ##


You could see a frost giant.

Vanquished Creatures
  A polar bear (IceCv)
  An ogre (D:7)
  2 bats
  2 giant cockroaches
  3 kobolds (D:8)
  A giant newt (D:2)
  A goblin (D:7)
  A jackal skeleton (D:8)
  A jackal zombie (D:7)
  An orc skeleton (D:6)
  3 quokkas
  4 rats
  A ballistomycete (D:6)
22 creatures vanquished.

Vanquished Creatures (collateral kills)
  3 death yaks (IceCv)
  2 spiny frogs
  A komodo dragon (Lair:4)
  A queen bee (Lair:2)
  A fire drake (Lair:4)
  15 polar bears (IceCv)
  26 yaks
  20 wolves
  2 wargs (D:9)
  4 porcupines
  An orc warrior (D:8)
  11 ice beasts
  A black bear (D:7)
  2 necrophages
  2 ogres (D:6)
  A centaur (D:8)
  3 crocodiles (Lair:4)
  An elf zombie (D:6)
  4 giant frogs
  2 elf skeletons (D:6)
  3 scorpions
  4 wights (D:7)
  22 killer bees
  A jelly (D:7)
  A crimson imp (D:7)
  4 hounds
  An orc priest (D:9)
  An orc wizard (D:3)
  4 iguanas
  4 worker ants
  A human skeleton (D:6)
  A lightning spire (IceCv)
  8 sheep (Lair:4)
  4 adders
  38 river rats
  2 shadow imps (D:6)
  3 giant mites
  A worm (D:4)
  A giant gecko (D:6)
  13 orcs
  A ball python (D:6)
  A bat skeleton (D:7)
  3 goblins
  4 hobgoblins
  7 jackals
  4 bats
  A giant cockroach (D:3)
  2 giant newts
  3 kobolds
  2 orc zombies (D:6)
  4 rats
  2 fungi (D:7)
254 creatures vanquished.

Vanquished Creatures (others)
  3 guardian golems (IceCv)
  16 wolves
  4 wargs (IceCv)
  A spider (D:8)
  86 ice beasts
  6 crimson imps
  An iron imp (IceCv)
  22 hounds
  11 shadow imps
  8 white imps
  20 lightning spires
  A jackal (D:8)
  2 bats
  2 giant spores
  6 quokkas
  9 rats
198 creatures vanquished.

Grand Total: 474 creatures vanquished

Notes
Turn   | Place    | Note
--------------------------------------------------------------
     0 | D:1      | timbw, the Felid Summoner, began the quest for the Orb.
     0 | D:1      | Reached XP level 1. HP: 7/7 MP: 4/4
   268 | D:2      | Reached XP level 2. HP: 4/11 MP: 1/6
   279 | D:2      | Learned a level 2 spell: Call Imp
   594 | D:3      | Reached XP level 3. HP: 14/14 MP: 0/8
   599 | D:3      | Learned a level 3 spell: Call Canine Familiar
   676 | D:3      | Noticed Gronka's ghost (average HuFi)
   831 | D:3      | Found a stormy altar of Qazlal.
  1057 | D:4      | Found Iggelef's General Store.
  1059 | D:4      | Noticed a scorpion
  1090 | D:4      | Killed a scorpion
  1090 | D:4      | Reached skill level 5 in Summonings
  1090 | D:4      | Reached XP level 4. HP: 14/18 MP: 0/12
  1315 | D:4      | Found a blossoming altar of Fedhas.
  1415 | D:5      | Entered Level 5 of the Dungeon
  1533 | D:4      | Found an ancient bone altar of Kikubaaqudgha.
  1730 | D:6      | Noticed an ogre
  1739 | D:6      | Killed an ogre
  1739 | D:6      | Reached XP level 5. HP: 12/21 MP: 3/14
  1822 | D:7      | Noticed an ogre
  1823 | D:7      | Found a white marble altar of Elyvilon.
  1851 | D:7      | Learned a level 4 spell: Summon Ice Beast
  1896 | D:7      | Found an iron altar of Okawaru.
  2070 | D:7      | Gained mutation: You are covered in thick fur (AC +2). [growing up]
  2070 | D:7      | Reached XP level 6. HP: 18/24 MP: 5/18
  2108 | D:7      | Noticed a centaur
  2138 | D:7      | Reached skill level 6 in Summonings
  2175 | D:7      | Noticed a black bear
  2176 | D:7      | Noticed an ogre
  2232 | D:7      | Found a glowing golden altar of the Shining One.
  2253 | D:7      | Killed a black bear
  2288 | D:7      | Found a basalt altar of Yredelemnul.
  2289 | D:7      | Noticed a profane servitor
  2293 | D:7      | Found a glowing golden altar of the Shining One.
  2539 | D:6      | Found a staircase to the Ecumenical Temple.
  2542 | D:6      | Noticed an ogre
  2556 | D:6      | Killed an ogre
  2566 | Temple   | Entered the Ecumenical Temple
  2597 | Temple   | Became a worshipper of Sif Muna the Loreminder
  2622 | D:6      | Reached skill level 5 in Spellcasting
  2637 | D:6      | Learned a level 4 spell: Summon Lightning Spire
  2674 | D:6      | Noticed a necrophage
  2702 | D:6      | Killed a necrophage
  2702 | D:6      | Reached XP level 7. HP: 24/27 MP: 17/21
  2726 | D:6      | Noticed a giant frog
  2753 | D:6      | Killed a giant frog
  2827 | D:6      | Reached skill level 7 in Summonings
  2982 | D:7      | Killed an ogre
  3171 | D:8      | Acquired Sif Muna's first power
  3285 | D:8      | Reached skill level 1 in Invocations
  3348 | D:8      | Noticed Maurice
  3521 | D:8      | Reached XP level 8. HP: 18/31 MP: 14/24
  3588 | D:9      | Noticed an orange crystal statue
  3601 | D:9      | Found a staircase to the Lair.
  3605 | D:9      | Killed from afar by an orc priest
  3606 | D:9      | Reached XP level 7. HP: -2/27 MP: 11/23
  3611 | D:9      | Noticed Gastronok
  3640 | D:9      | Found a radiant altar of Vehumet.
  3863 | D:9      | Reached skill level 8 in Summonings
  3896 | D:10     | Entered Level 10 of the Dungeon
  3933 | Lair:1   | Entered Level 1 of the Lair of Beasts
  4073 | Lair:1   | Noticed a spiny frog
  4096 | Lair:1   | Killed a spiny frog
  4206 | Lair:1   | Acquired Sif Muna's second power
  4206 | Lair:1   | Reached XP level 8. HP: 20/31 MP: 20/24
  4305 | Lair:1   | Noticed a yak
  4310 | Lair:1   | Noticed a yak
  4312 | Lair:1   | Noticed a yak
  4319 | Lair:1   | Noticed a yak
  4321 | Lair:1   | Noticed a yak
  4322 | Lair:1   | Killed a yak
  4325 | Lair:1   | Killed a yak
  4334 | Lair:1   | Killed a yak
  4334 | Lair:1   | Reached skill level 9 in Summonings
  4337 | Lair:1   | Killed a yak
  4342 | Lair:1   | Killed a yak
  4460 | Lair:2   | Reached skill level 5 in Dodging
  4617 | Lair:2   | Noticed a spiny frog
  4689 | Lair:2   | Killed a spiny frog
  4745 | Lair:2   | Reached XP level 9. HP: 25/34 MP: 7/25
  4794 | Lair:2   | Noticed a queen bee
  4807 | Lair:2   | Killed a queen bee
  4919 | Lair:2   | Reached skill level 10 in Summonings
  5476 | Lair:4   | Noticed a fire drake
  5498 | Lair:4   | Killed a fire drake
  5633 | Lair:4   | Reached skill level 5 in Invocations
  5690 | Lair:4   | Found a frozen archway.
  5695 | Lair:4   | Noticed a komodo dragon
  5707 | Lair:4   | Killed a komodo dragon
  5779 | Lair:4   | Reached skill level 11 in Summonings
  5781 | IceCv    | Entered an ice cave
  5825 | IceCv    | Reached XP level 10. HP: 9/37 MP: 7/27
  6377 | IceCv    | Acquired Sif Muna's third power
  6670 | IceCv    | Reached skill level 12 in Summonings
  6846 | IceCv    | Noticed an ice statue
  6891 | IceCv    | Noticed a death yak
  6931 | IceCv    | Killed a death yak
  7065 | IceCv    | Noticed a death yak
  7065 | IceCv    | Noticed a death yak
  7065 | IceCv    | Noticed a frost giant
  7077 | IceCv    | Learned a level 4 spell: Summon Guardian Golem
  7089 | IceCv    | Killed a death yak
  7089 | IceCv    | Reached XP level 11. HP: 40/40 MP: 20/28
  7299 | IceCv    | Killed a death yak
  7305 | IceCv    | Reached skill level 10 in Dodging
  7904 | IceCv    | Killed from afar by a frost giant
  7905 | IceCv    | Reached XP level 10. HP: -2/37 MP: 14/27
  8031 | IceCv    | Killed from afar by a frost giant
  8032 | IceCv    | Reached XP level 9. HP: -1/34 MP: 20/25
  8096 | IceCv    | Killed from afar by a frost giant

Action                   |  1- 3 |  4- 6 |  7- 9 | 10-12 || total
-------------------------+-------+-------+-------+-------++-------
Melee: Unarmed           |    32 |    59 |    65 |    12 ||   168
 Cast: Summon Small Mamm |    24 |     8 |       |       ||    32
       Call Imp          |    16 |    25 |    18 |     3 ||    62
       Call Canine Famil |     6 |    22 |    25 |    17 ||    70
       Summon Ice Beast  |       |       |    91 |   106 ||   197
       Summon Lightning  |       |       |    24 |    25 ||    49
       Summon Guardian G |       |       |       |     6 ||     6
Invok: Channel Energy    |       |       |   132 |   166 ||   298
Evoke: Wand              |       |       |     3 |     2 ||     5
  Use: Scroll            |     2 |     4 |     6 |     2 ||    14
       Potion            |       |     2 |     2 |       ||     4
 Stab: Sleeping          |       |     2 |     3 |       ||     5
       Distracted        |       |       |     1 |     1 ||     2
  Eat: Chunk             |     9 |     6 |    27 |    42 ||    84
       Beef jerky        |       |       |     1 |     1 ||     2
       Meat ration       |       |       |     1 |       ||     1
       Pizza             |       |       |       |     1 ||     1
